 Dungeon Crawl Stone Soup version 0.26.0-45-g9c1d065592 (webtiles) character file.

Game seed: 10255582414766442920

1948 growler the Zephyrmancer (level 9, -2/45 HPs)
             Began as a Tengu Air Elementalist on Jan 28, 2021.
             Was an Initiate of Gozag.
             Slain by a tormentor (8 damage)
             ... on level 1 of the Abyss.
             The game lasted 00:17:28 (8775 turns).

growler the Zephyrmancer (Tengu Air Elementalist)   Turns: 8775, Time: 00:17:29

Health: -2/45      AC:  2    Str:  9    XL:     9   Next: 18%
Magic:  16/17      EV: 15    Int: 19    God:    Gozag
Gold:   796        SH:  0    Dex: 14    Spells: 3/18 levels left

rFire    . . .     SeeInvis .   u - staff of conjuration {!a}
rCold    . . .     Faith    .   (no shield)
rNeg     . . .     Spirit   .   a - +0 robe
rPois    .         Reflect  .   (helmet restricted)
rElec    .         Harm     .   (no cloak)
rCorr    .         Rampage  .   (no gloves)
Will     .....                  (boots unavailable)
Stlth    +++.......             (no amulet)
HPRegen  0.00/turn              i - ring of stealth (curse)
MPRegen  0.15/turn              (no ring)

@: flying quickly and evasively, non-regenerating, diseased, quick
A: beak, talons 3, able to fly
a: Stop Flying, Renounce Religion, Potion Petition, Call Merchant, Bribe Branch


You were on level 1 of the Abyss.
You worshipped Gozag.
Gozag was pleased with you.
You visited 1 branch of the dungeon, and saw 6 of its levels.
You visited the Abyss 1 time.

You collected 830 gold pieces.
You paid 34 gold pieces to Gozag.

Inventory:

Hand Weapons
 d - a +2 short sword of flaming
   (You took it off a kobold on level 1 of the Dungeon)
 s - the +9 dagger of Forghemu {distort, rPois Dex+2 SInv}
   (You found it on level 5 of the Dungeon)

   It warps and distorts space around it.
   Unwielding it can cause banishment or high damage.
   It affects your dexterity (+2).
   It protects you from poison.
   It lets you see invisible.
Armour
 a - a +0 robe (worn)
 n - a +0 buckler
   (You found it on level 3 of the Dungeon)
Magical Staves
 u - an uncursed staff of conjuration (weapon) {!a}
   (You found it on level 6 of the Dungeon)
Jewellery
 i - a cursed ring of stealth (left hand)
   (You found it on level 2 of the Dungeon)
 m - an uncursed ring of fire
   (You found it on level 3 of the Dungeon)
Wands
 t - a wand of flame (10)
   (You found it on level 5 of the Dungeon)
 v - a wand of enslavement (4)
   (You found it on level 6 of the Dungeon)
 x - a wand of polymorph (4)
   (You found it on level 6 of the Dungeon)
Scrolls
 b - 4 scrolls of remove curse {unknown}
 c - a scroll of enchant armour {unknown}
 f - 2 scrolls of fog
 g - a scroll of blinking
 h - 2 scrolls of identify {@r1}
 j - a scroll of immolation {unknown}
 k - 2 scrolls of magic mapping {unknown}
 l - 3 scrolls of teleportation {unknown}
 p - a scroll of amnesia {unknown}
 q - a scroll of random uselessness {unknown}
Potions
 e - a potion of haste {@q3}
 o - a potion of resistance
 r - a potion of heal wounds {@q2}
 w - a potion of brilliance {unknown}


   Skills:
 - Level 2.1 Dodging
 - Level 2.0 Stealth
 - Level 4.0 Shields
 - Level 5.0 Spellcasting
 - Level 7.0 Conjurations
 + Level 11.1 Air Magic


You had 3 spell levels left.
You knew the following spells:

 Your Spells              Type           Power        Failure   Level
a - Shock                 Conj/Air       100%         1%          1
b - Airstrike             Air            23%          1%          4
c - Lightning Bolt        Conj/Air       28%          9%          5
d - Static Discharge      Conj/Air       56%          1%          3
s - Swiftness             Air            47%          1%          2

Your spell library contained the following spells:

 Spells                   Type           Power        Failure   Level


Dungeon Overview and Level Annotations

Branches:
Dungeon (6/15)             Temple (0/1) D:6

Altars:
Fedhas
Gozag

Shops:
D:6 !(

Annotations:
D:5 1 runed translucent door, sahdkjhfkaj's ghost, novice HuCj


Innate Abilities, Weirdness & Mutations

You have a beak for a mouth.
You have claws for feet.
You can fly continuously.


Message History

You are suddenly pulled into a different region of the Abyss!
An ufetubus comes into view.
A neqoxec comes into view.
Found a robe.
You see here a robe.
Unknown command.
An ufetubus comes into view.
The ufetubus shouts!
The ufetubus barely misses you. The ufetubus hits you.
The ufetubus misses you. x2
The ufetubus misses you. The ufetubus barely misses you.
You feel a surge of power!
You miscast Static Discharge.
You are very lightly contaminated with residual magic.
Nothing appears to happen.
The ufetubus barely misses you. The ufetubus hits you.
You feel a surge of power!
The ufetubus is struck by an arc of lightning!
You kill the ufetubus!
You are struck by an arc of lightning.
A flayed ghost comes into view.
You see here 5 gold pieces.
An ancient zyme comes into view.
You feel yourself growing ill in the presence of the ancient zyme.
Your magical contamination has completely faded away.
You feel ill.
A guardian serpent comes into view.
The tormentor roars!
Found a scroll of fog.
You feel ill.
A large abomination comes into view.
The guardian serpent shouts!
The tormentor roars, "Back with thee if wit thou hast!"
The tormentor calls on the powers of darkness!
Your body is wracked with pain!
* * * LOW HITPOINT WARNING * * *
The tormentor calls on the powers of darkness!
Your body is wracked with pain!
* * * LOW HITPOINT WARNING * * *
Found a fizzy emerald potion.
The guardian serpent coils itself and waves its upper body at you.
The ancient zyme blinks!
The tormentor blinks!
You hit the ancient zyme. The ancient zyme completely misses you.
The ancient zyme hits you.
* * * LOW HITPOINT WARNING * * *
The tormentor calls on the powers of darkness!
Your body is wracked with pain!
* * * LOW HITPOINT WARNING * * *
The guardian serpent convulses!
The tormentor barely misses you. The tormentor hits you!
You die...
Your body crumbles into a pile of gold.

#### ## #.. ## #.###..#
# #.# ####.#. . ## .##
#!. #...S.##...##. #.
##...§.#... ..#. ###
#....§...#..#..##.#
.....#2##.##..#.#. .. .
......x@....### .... #.
................###x..##
..........###..# . #.
#########....#.# ##.#.#.
#.....#......#.
..##?#.....2...# ###
#..# ###.x## #.#. ..##.#
. #. #.


You could see an ancient zyme, a guardian serpent and a tormentor.

Vanquished Creatures
  2 sky beasts (D:5)
  3 orc warriors (D:6)
  2 centaurs (D:6)
  3 ogres
  2 bullfrogs (D:6)
  2 scorpions
  4 hounds
  2 jellies (D:6)
  2 orc priests
  2 iguanas (D:6)
  7 orc wizards
  5 worker ants
  A hound skeleton (D:4)
  A howler monkey zombie (D:6)
  A gnoll (D:5)
  4 adders
  A shadow imp (D:2)
  A white imp (D:6)
  3 ufetubi
  2 oozes
  An adder skeleton (D:5)
  2 worms
  4 dart slugs
  A leopard gecko (D:5)
  34 orcs
  3 giant cockroaches
  4 goblins
  9 hobgoblins
  3 quokkas
  A ball python (D:1)
  5 bats
  5 frilled lizards
  7 kobolds
  2 leopard gecko skeletons
  7 rats
138 creatures vanquished.

Notes
Turn   | Place    | Note
-------+----------+-------------------------------------------
     0 | D:1      | growler the Tengu Air Elementalist began the quest for the
                  | Orb.
     0 | D:1      | Reached XP level 1. HP: 10/10 MP: 4/4
   357 | D:1      | Reached XP level 2. HP: 15/15 MP: 4/6
   387 | D:1      | Learned a level 2 spell: Swiftness
  1058 | D:2      | Reached XP level 3. HP: 19/19 MP: 3/7
  1062 | D:2      | Learned a level 3 spell: Static Discharge
  1509 | D:2      | Found a blossoming altar of Fedhas.
  2216 | D:3      | Reached skill level 5 in Air Magic
  2216 | D:3      | Reached XP level 4. HP: 19/24 MP: 3/9
  2923 | D:3      | Gained mutation: You can fly continuously. [Tengu growth]
  2923 | D:3      | Reached XP level 5. HP: 28/28 MP: 10/10
  2929 | D:3      | Learned a level 4 spell: Airstrike
  3147 | D:3      | Found an opulent altar of Gozag.
  3332 | D:3      | Became a worshipper of Gozag Ym Sagoz the Greedy
  3832 | D:4      | Reached skill level 6 in Air Magic
  3832 | D:4      | Reached XP level 6. HP: 29/32 MP: 3/12
  4556 | D:4      | Reached skill level 5 in Conjurations
  4648 | D:5      | Entered Level 5 of the Dungeon
  4648 | D:5      | Noticed a sky beast
  4697 | D:5      | Killed a sky beast
  4698 | D:5      | Reached XP level 7. HP: 35/36 MP: 4/14
  5051 | D:5      | Found a runed translucent door.
  5051 | D:5      | Noticed sahdkjhfkaj's ghost (novice HuCj)
  5151 | D:5      | Reached skill level 7 in Air Magic
  5605 | D:5      | Got an ancient dagger
  5613 | D:5      | Identified the +9 dagger of Forghemu {distort, rPois Dex+2
                  | SInv} (You found it on level 5 of the Dungeon)
  6116 | D:6      | Found a staircase to the Ecumenical Temple.
  6146 | D:6      | Reached skill level 5 in Spellcasting
  6146 | D:6      | Reached XP level 8. HP: 24/41 MP: 9/16
  6344 | D:6      | Found Jet Cio's Distillery.
  6357 | D:6      | Reached skill level 1 in Shields
  6357 | D:6      | Reached skill level 8 in Air Magic
  6743 | D:6      | Found Qerphew's Weapon Emporium.
  7222 | D:6      | Found a runed translucent door.
  7491 | D:6      | Reached skill level 9 in Air Magic
  7798 | D:6      | Reached skill level 10 in Air Magic
  8058 | D:6      | Reached XP level 9. HP: 35/45 MP: 13/17
  8205 | D:5      | Learned a level 5 spell: Lightning Bolt
  8402 | D:6      | Reached skill level 11 in Air Magic
  8584 | D:6      | Cast into level 1 of the Abyss (orc wizard)
  8629 | Abyss:1  | Noticed a hellwing
  8737 | Abyss:1  | Noticed a flayed ghost
  8740 | Abyss:1  | Noticed an ancient zyme
  8756 | Abyss:1  | Noticed a guardian serpent
  8758 | Abyss:1  | Noticed a tormentor
  8766 | Abyss:1  | Noticed a large abomination
  8775 | Abyss:1  | Slain by a tormentor

Illustrated notes

Levels and vault maps discovered:
D:1:      lightli_arrival_windingriver, layout_loops_cross
D:2:      layout_basic, fedhas_ov_isle_minmay, kennysheep_generic_room_6
D:3:      layout_rooms, grunt_gozag_statues
D:4:      layout_basic
D:5:      layout_cave_pods, gammafunk_ghost_grave, kennysheep_generic_room_4
D:6:      cheibrodos_barr_body, layout_loops_ring,
          minmay_temple_entry_butterflies, serial_shops, nicolae_shop_crystal,
          nicolae_shop_stone, hangedman_decor_riveting, lightli_church_of_beogh
Abyss:1:  base: D:4, evilmike_abyss_exit_kraken

Skill      XL: |  1  2  3  4  5  6  7  8  9 |
---------------+----------------------------+-----
Conjurations   | 2 3 4 5 6 7 |  7.0
Air Magic      | 5 6 7 10 11 | 11.1
Spellcasting   | 3 4 5 |  5.0
Shields        | 4 |  4.0
Dodging        | |  2.1
Stealth        | |  2.0

Action                   |  1- 3 |  4- 6 |  7- 9 || total
-------------------------+-------+-------+-------++-------
Melee: Short sword       |    17 |    32 |     9 ||    58
       Kick              |     1 |     3 |     6 ||    10
       Peck              |     1 |       |     2 ||     3
       Dagger            |       |       |     5 ||     5
       Staff             |       |       |     8 ||     8
 Cast: Shock             |    67 |    66 |    61 ||   194
       Static Discharge  |     1 |    11 |    22 ||    34
       Airstrike         |       |     3 |    28 ||    31
       Lightning Bolt    |       |       |     2 ||     2
 Abil: Fly               |       |     1 |       ||     1
  Use: Scroll            |       |       |     5 ||     5
 Stab: Sleeping          |     2 |     1 |       ||     3
Armor: Robe              |     1 |     2 |     3 ||     6
Dodge: Dodged            |    14 |    36 |    52 ||   102
